 Dungeon Crawl Stone Soup version 0.23.1-41-g7e51ed32d8 (webtiles) character file.

Game seed: 16936335547846825398

40 Oninnaise the Skirmisher (level 3, -2/29 HPs)
             Began as a Demonspawn Fighter on Mar 29, 2019.
             Was a Plaything of Xom.
             Slain by an orc
             ... wielding a +0 flail
              (5 damage)
             ... on level 4 of the Dungeon.
             The game lasted 00:03:35 (954 turns).

Oninnaise the Skirmisher (Demonspawn Fighter)        Turns: 954, Time: 00:03:36

Health: -2/29      AC:  6    Str: 22    XL:     3   Next: 30%
Magic:  3/3        EV:  7    Int:  9    God:    Xom [.....*]
Gold:   35         SH:  9    Dex: 12    Spells: 2/2 levels left

rFire    + . .     SeeInvis .   a - +0 flail
rCold    . . .     Gourm    .   c - +0 shield
rNeg     . . .     Faith    .   b - +0 scale mail
rPois    .         Spirit   .   (helmet restricted)
rElec    .         Reflect  .   (no cloak)
rCorr    .         Harm     .   (no gloves)
MR       .....                  (no boots)
Stlth    ..........             (no amulet)
HPRegen  0.09/turn              (no ring)
MPRegen  0.08/turn              (no ring)

@: mighty, hasted, very quick
A: antennae 1, fire resistance 1
a: Renounce Religion


You were on level 4 of the Dungeon.
You worshipped Xom.
You were Xom's teddy bear.
You were not hungry.

You visited 2 branches of the dungeon, and saw 4 of its levels.

You collected 35 gold pieces.

Inventory:

Hand Weapons
 a - a +0 flail (weapon)
Armour
 b - a +0 scale mail (worn)
 c - a +0 shield (worn)
Scrolls
 g - a scroll of enchant armour {unknown}
 i - a scroll of magic mapping {unknown}
 j - a scroll of random uselessness {unknown}
 k - a scroll of blinking {unknown}
Potions
 e - a potion of brilliance {unknown}
 h - a potion of degeneration {unknown}
 l - a potion of haste
Comestibles
 f - 3 rations


   Skills:
 * Level 3.5 Fighting
 + Level 2.1 Maces & Flails
 * Level 3.2 Armour
 + Level 2.9 Shields


You had 2 spell levels left.
You didn't know any spells.
Your spell library was empty.

Dungeon Overview and Level Annotations

Branches:
Dungeon (4/15)             Temple (1/1) D:4

Altars:
Ashenzari
Fedhas
Gozag
Makhleb
Okawaru
Qazlal
Sif Muna
Trog
Vehumet
Xom
Zin
The Shining One


Innate Abilities, Weirdness & Mutations

You have a pair of small antennae on your head.
Your flesh is heat resistant. (rF+)


Message History

You block the orc's attack.
You barely miss the orc wizard.
The orc wizard is severely wounded.
Xom almost notices you.
Your eyebrows wriggle.
You are now Xom's teddy bear.
The orc wizard hits you but does no damage.
The orc hits you with a +0 short sword.
You feel very mighty all of a sudden. You block the orc's attack.
The orc hits you with a +0 short sword.
* * * LOW HITPOINT WARNING * * *
The orc wizard hits you with a +0 dagger.
* * * LOW HITPOINT WARNING * * *
It was a potion of haste.
You feel yourself speed up.
Xom roars with laughter!
The orc hits you with a +0 dagger.
* * * LOW HITPOINT WARNING * * *
You block the orc's attack. The orc hits you with a +0 flail.
You die...
Xom titters!

...#.# .#### ##
.............%. #####...
..........#...... .......
.........##...#.#....#.##
?...........#.#.#.##.#...
............#...........#
...............##.#.#.#(#
.......oo.$..#....#.#.#..
....b.oo@.b..#...........
.......oo..b...#.#.>.#.##
.......S...^##.#.#...#...
....##..##.........#....#
... ##.......#.##.#.##.#
## ........#(......(..
.......#....##.#.#.#
........#.##....#.#.#
.... .. ........


You could see an orc priest, an orc wizard, an adder and 4 orcs.

Vanquished Creatures
  An adder (D:2)
  2 dart slugs (D:1)
  2 giant cockroaches
  3 goblins
  2 hobgoblins (D:2)
  3 kobolds
  5 bats
  5 frilled lizards
  5 rats
28 creatures vanquished.

Notes
Turn   | Place    | Note
-------+----------+-------------------------------------------
     0 | D:1      | Oninnaise the Demonspawn Fighter began the quest for the
                  | Orb.
     0 | D:1      | Reached XP level 1. HP: 18/18 MP: 1/1
   106 | D:1      | Gained mutation: You have a pair of small antennae on your
                  | head. [demonic ancestry]
   106 | D:1      | Reached XP level 2. HP: 23/24 MP: 2/2
   477 | D:2      | Gained mutation: Your flesh is heat resistant. (rF+)
                  | [demonic ancestry]
   477 | D:2      | Reached XP level 3. HP: 29/29 MP: 3/3
   781 | D:2      | You fall through a shaft for 2 floors!
   781 | D:4      | Found a staircase to the Ecumenical Temple.
   792 | Temple   | Entered the Ecumenical Temple
   916 | Temple   | Became a worshipper of Xom of Unknown Intention
   948 | D:4      | XOM: silly message
   949 | D:4      | XOM: potion effect (curing)
   949 | D:4      | XOM: butterfly on damage
   952 | D:4      | XOM: silly message
   954 | D:4      | Slain by an orc

Skill      XL: |  1  2 |
---------------+-------+-----
Armour         | 3 |  3.2
Maces & Flails | 2 |  2.1
Fighting       | |  3.5
Shields        | |  2.9

Action                   || total
-------------------------++-------
Melee: Flail             ||    97
  Use: Potion            ||     2
Armor: Scale mail        ||    68
Dodge: Dodged            ||    40
Block: Shield            ||    76
